 Dungeon Crawl Stone Soup version 0.23.2-33-g5129a83184 (webtiles) character file.

Game seed: 10431860221175784442

2895 Folque the Geomancer (level 9, -1/67 HPs)
             Began as a Yellow Draconian Earth Elementalist on July 4, 2019.
             Shot with an arrow by a centaur (7 damage)
             ... on level 7 of the Dungeon.
             The game lasted 00:21:36 (5995 turns).

Folque the Geomancer (DrEE)                         Turns: 5995, Time: 00:21:36

Health: -1/67      AC: 11    Str: 10    XL:     9   Next: 49%
Magic:  2/20       EV: 12    Int: 18    God:
Gold:   255        SH:  0    Dex: 13    Spells: 8/23 levels left

rFire    . . .     SeeInvis .   n - +0 whip (venom)
rCold    . . .     Gourm    .   (no shield)
rNeg     . . .     Faith    .   (armour unavailable)
rPois    .         Spirit   .   (helmet restricted)
rElec    .         Reflect  .   p - +0 cloak
rCorr    +         Harm     .   (no gloves)
MR       .....                  m - +2 pair of boots
Stlth    ++........             (no amulet)
HPRegen  0.21/turn              (no ring)
MPRegen  0.17/turn              (no ring)

@: lethally poisoned (-1 -> -1), very slightly contaminated
A: spit acid, unfitting armour, cold-blooded, acid resistance, AC +7
a: Breathe Acid


You were on level 7 of the Dungeon.
You were not hungry.

You visited 1 branch of the dungeon, and saw 7 of its levels.

You collected 255 gold pieces.

Inventory:

Hand Weapons
 a - a +0 short sword
 n - a +0 whip of venom (weapon)
 r - a +0 long sword
 D - a +1 dagger of venom
Missiles
 b - 81 stones (quivered)
 o - 29 poisoned needles
Armour
 m - a +2 pair of boots (worn)
 p - a +0 cloak (worn)
 B - a +0 pair of boots
Jewellery
 w - a +2 ring of intelligence {unknown}
Scrolls
 e - 5 scrolls of remove curse
 f - 3 scrolls of teleportation {unknown}
 g - a scroll of fear {unknown}
 i - 2 scrolls of fog {unknown}
 k - 4 scrolls of amnesia
 q - a scroll of random uselessness {unknown}
 s - 4 scrolls of identify
 u - a scroll of holy word {unknown}
 v - 4 scrolls of enchant weapon {unknown}
 y - a scroll of enchant armour {unknown}
 C - a scroll of magic mapping {unknown}
Potions
 d - 2 potions of degeneration
 h - 2 potions of curing
 j - a potion of resistance {unknown}
 l - 2 potions of heal wounds {unknown}
 t - a potion of cancellation {unknown}
 x - 2 potions of lignification {unknown}
 z - a potion of haste {unknown}
 A - a potion of might {unknown}
Comestibles
 c - 12 rations
 E - 3 chunks of flesh


   Skills:
 - Level 2.0 Fighting
 - Level 1.7 Dodging
 + Level 3.2 Stealth
 - Level 7.5 Spellcasting
 - Level 3.1 Conjurations
 + Level 2.8 Transmutations
 * Level 9.4 Earth Magic


You had 8 spell levels left.
You knew the following spells:

 Your Spells              Type           Power        Failure   Level  Hunger
a - Sandblast             Erth           #####.       1%          1    None
b - Passwall              Tmut/Erth      ####....     1%          2    None
c - Stone Arrow           Conj/Erth      ####..       2%          3    #......
d - Lee's Rapid Deconstr  Erth           #####.....   6%          5    #####..
e - Petrify               Tmut/Erth      ####....     9%          4    ###....

Your spell library contained the following spells:

 Spells                   Type           Power        Failure   Level  Hunger


Dungeon Overview and Level Annotations

Branches:
Dungeon (7/15)
 Temple: D:4-7

Altars:
Ashenzari
Ru
Vehumet

Shops:
D:4 }

Annotations:
D:3 2 transporters, 3 runed translucent doors, troglodite's ghost, amateur GnSk
D:7 Pikel


Innate Abilities, Weirdness & Mutations

You can spit globs of acid.
Your golden yellow scales are hard. (AC +7)
You cannot fit into any form of body armour.
You are cold-blooded and may be slowed by cold attacks.
You are resistant to acid. (rCorr)


Message History

The centaur shoots an arrow.
The arrow hits you!
You see here an arrow.
You feel sick.
A shadow imp comes into view.
The centaur shoots an arrow.
The arrow hits you!
The centaur shoots an arrow.
The arrow hits you but does no damage.
The shadow imp shouts!
You see here an arrow.
The centaur shoots an arrow.
The arrow barely misses you.
The shadow imp shouts, "Quit, thou mammering flap-mouthed bandersnitch!"
You feel sick.
The centaur shoots an arrow.
The arrow hits you.
You see here 2 arrows.
The orc warrior closely misses you.
The centaur shoots an arrow.
The arrow hits you!
* * * LOW HITPOINT WARNING * * *
You see here an arrow.
The centaur shoots an arrow.
The arrow closely misses you.
You see here 3 arrows.
You feel sick.
The centaur shoots an arrow.
The arrow hits you!
You die...

..................... ....
..............#......###... .
#....#......###..........o. ..
#...#......##.......##..# ...
.#........###........#...#!...
..............>..............#
##...#....##..#.......5.....#
.....#.#####.##..............
#........####@##..............
###..#...#.##.##...)..........
#.........#(#####)..........
#...##....co#.#.[...........
#### ##.##..K.(K......##..#.
#####............#..#.
......5.............
...#.............##. ...
#.......#...###


You could see Pikel, an orc warrior and a centaur.

Vanquished Creatures
  Grinder (D:3)
  4 yaks (D:4)
  Menkaure (D:7)
  Edmund (D:3)
  An orc warrior (D:6)
  A sky beast (D:5)
  A black bear (D:6)
  A hornet zombie (D:5)
  An ogre (D:5)
  A centaur (D:5)
  A gnoll sergeant (D:4)
  2 scorpions
  2 crimson imps
  5 hounds
  3 orc priests
  A jelly (D:6)
  2 centaur skeletons
  Jessica (D:2)
  2 iguanas
  Natasha (twice) (D:3)
  7 orc wizards
  4 worker ants
  A hound zombie (D:5)
  A hound skeleton (D:4)
  Robin (D:4)
  A howler monkey skeleton (D:4)
  A worker ant zombie (D:6)
  12 adders
  9 gnolls
  3 oozes
  An adder skeleton (D:4)
  6 worms
  2 dart slugs
  7 leopard geckos
  18 orcs
  A bat (D:1)
  7 giant cockroaches
  10 hobgoblins
  12 jackals
  4 quokkas
  3 ball pythons
  3 frilled lizards
  13 goblins
  5 kobolds
  11 rats
177 creatures vanquished.

Vanquished Creatures (others)
  2 fungi (D:3)
  2 plants (D:3)
4 creatures vanquished.

Grand Total: 181 creatures vanquished

Notes
Turn   | Place    | Note
-------+----------+-------------------------------------------
     0 | D:1      | Folque the Draconian Earth Elementalist began the quest for
                  | the Orb.
     0 | D:1      | Reached XP level 1. HP: 14/14 MP: 3/3
   203 | D:1      | Reached skill level 1 in Fighting
   204 | D:1      | Reached XP level 2. HP: 21/23 MP: 5/5
   214 | D:1      | Learned a level 2 spell: Passwall
   881 | D:2      | Reached XP level 3. HP: 26/29 MP: 2/6
   886 | D:2      | Learned a level 3 spell: Stone Arrow
   957 | D:2      | Noticed Jessica
   958 | D:2      | Killed Jessica
   958 | D:2      | Reached skill level 1 in Conjurations
   958 | D:2      | Reached XP level 4. HP: 36/36 MP: 5/8
   997 | D:2      | Reached skill level 4 in Earth Magic
   997 | D:2      | Reached XP level 5. HP: 28/41 MP: 1/9
  1404 | D:2      | Found a sacrificial altar of Ru.
  1636 | D:3      | Noticed Grinder
  1650 | D:3      | Found a transporter.
  1707 | D:3      | Killed Grinder
  1707 | D:3      | Reached XP level 6. HP: 26/48 MP: 0/12
  1714 | D:3      | Learned a level 5 spell: Lee's Rapid Deconstruction
  1913 | D:3      | Found a transporter.
  1957 | D:3      | Found a runed translucent gate.
  1958 | D:3      | Found a runed translucent gate.
  1958 | D:3      | Identified the +8 short sword of Qiebo {drain, rElec}
  1959 | D:3      | Found a runed translucent gate.
  1962 | D:3      | Noticed troglodite's ghost (amateur GnSk)
  2037 | D:3      | Noticed Natasha
  2043 | D:3      | Killed Natasha
  2043 | D:3      | Reached skill level 5 in Earth Magic
  2326 | D:3      | Noticed Natasha
  2330 | D:3      | Killed Natasha
  2376 | D:3      | Your scales start taking on a golden yellow colour.
  2376 | D:3      | Reached XP level 7. HP: 45/55 MP: 4/13
  2376 | D:3      | Gained mutation: You are resistant to acid. (rCorr) [Yellow
                  | Draconian growth]
  2511 | D:4      | Found Coro's Gadget Shop.
  2535 | D:4      | Noticed Robin
  2847 | D:4      | Reached skill level 5 in Spellcasting
  2897 | D:4      | Reached skill level 6 in Earth Magic
  2956 | D:4      | Killed Robin
  2975 | D:4      | Found a shattered altar of Ashenzari.
  3034 | D:4      | Noticed Edmund
  3074 | D:3      | Killed Edmund
  3256 | D:5      | Entered Level 5 of the Dungeon
  3258 | D:5      | Noticed a yak
  3260 | D:5      | Noticed a yak
  3262 | D:5      | Noticed a yak
  3262 | D:5      | Noticed a yak
  3265 | D:5      | Reached XP level 8. HP: 61/61 MP: 6/16
  3361 | D:5      | Reached skill level 7 in Earth Magic
  3906 | D:4      | Reached skill level 8 in Earth Magic
  4143 | D:5      | Reached XP level 9. HP: 67/67 MP: 16/20
  4243 | D:5      | Learned a level 4 spell: Petrify
  5061 | D:6      | Found a radiant altar of Vehumet.
  5198 | D:6      | Reached skill level 9 in Earth Magic
  5870 | D:7      | Noticed Menkaure
  5883 | D:7      | Killed Menkaure
  5983 | D:7      | Noticed Pikel
  5995 | D:7      | Shot with an arrow by a centaur

Skill      XL: |  1  2  3  4  5  6  7  8  9 |
---------------+----------------------------+-----
Fighting       | 1 2 |  2.0
Conjurations   | 1 3 |  3.1
Spellcasting   | 3 4 5 7 |  7.5
Earth Magic    | 4 5 6 8 9 |  9.4
Stealth        | 3 |  3.2
Transmutations | 2 |  2.8
Dodging        | |  1.7

Action                   |  1- 3 |  4- 6 |  7- 9 || total
-------------------------+-------+-------+-------++-------
Melee: Short sword       |    49 |     4 |     8 ||    61
       Tailslap          |     3 |    17 |    18 ||    38
       Whip              |       |   111 |   183 ||   294
 Cast: Sandblast         |     6 |    22 |    64 ||    92
       Stone Arrow       |     1 |    13 |    44 ||    58
       Passwall          |       |     1 |       ||     1
       Lee's Rapid Decon |       |       |    11 ||    11
       Petrify           |       |       |     4 ||     4
  Use: Scroll            |       |     5 |       ||     5
       Potion            |       |       |     2 ||     2
 Stab: Sleeping          |     4 |     4 |     2 ||    10
       Petrified         |       |       |     8 ||     8
  Eat: Chunk             |       |     6 |    16 ||    22
       Ration            |       |       |     1 ||     1
Armor: Skin              |    18 |    38 |   117 ||   173
Dodge: Dodged            |    34 |    70 |   208 ||   312
